 Dungeon Crawl Stone Soup version 0.17.1-2-g5865329 (webtiles) character file.

347 Grim the Spear-Bearer (level 6, -5/70 HPs)
             Began as a Merfolk Berserker on Jan 23, 2016.
             Was a Priest of Trog.
             Slain by a scorpion (8 damage)
             ... on level 5 of the Dungeon.
             The game lasted 00:09:49 (4209 turns).

Grim the Spear-Bearer (Merfolk Berserker)           Turns: 4209, Time: 00:09:49

Health: -5/70      AC:  2    Str: 22    XL:     6   Next: 59%
Magic:  6/6        EV: 13    Int:  7    God:    Trog [***...]
Gold:   224        SH:  0    Dex: 15    Spells: 0 memorised, 5 levels left

rFire  . . .     SeeInvis .     a - +0 spear
rCold  . . .     Clarity  .     b - +0 animal skin
rNeg   . . .     SustAt   .     (no shield)
rPois  .         Gourm    .     (no helmet)
rElec  .         Spirit   .     (no cloak)
rCorr  .         Warding  .     (no gloves)
rMut   .         Stasis   .     (no boots)
MR     ++...                    (no amulet)
Stlth  ..........               (no ring)
                                (no ring)

@: berserking, lethally poisoned (-5 -> -9), regenerating, very quick, very
resistant to hostile enchantments, extremely unstealthy
A: change form in water, swift swim
a: Berserk, Trog's Hand, Burn Spellbooks, Renounce Religion


You were on level 5 of the Dungeon.
You worshipped Trog.
Trog was most pleased with you.
You were not hungry.

You visited 1 branch of the dungeon, and saw 5 of its levels.

You collected 224 gold pieces.

Inventory:

Hand Weapons
 a - a +0 spear (weapon)
 u - a +1 halberd of protection
Armour
 b - a +0 animal skin (worn)
 j - a cursed +0 chain mail
Scrolls
 d - 7 scrolls of identify {unknown}
 f - a scroll of enchant armour {unknown}
 h - 2 scrolls of magic mapping {unknown}
 i - a scroll of teleportation {unknown}
 k - a scroll of fear {unknown}
 l - a scroll of recharging {unknown}
 m - 6 scrolls of remove curse {unknown}
 n - a scroll of enchant weapon {unknown}
 t - a scroll of noise {unknown}
Potions
 e - 3 potions of heal wounds {unknown}
 o - 3 potions of degeneration {unknown}
 p - a potion of curing {unknown}
 q - 2 potions of agility {unknown}
 s - a potion of cancellation {unknown}
 v - a potion of cure mutation {unknown}
 z - a potion of haste {unknown}
Books
 r - a book of Battle

   Spells                             Type                      Level
   a - Infusion                       Charms                       1
   b - Shroud of Golubria             Charms/Translocation         2
   c - Song of Slaying                Charms                       2
   d - Spectral Weapon                Hexes/Charms                 3
   e - Regeneration                   Charms/Necromancy            3
   Trog disapproves of the use of such an item.
Comestibles
 c - 4 bread rations
 g - 2 beef jerkies
 w - a slice of pizza
 x - 2 fruits


   Skills:
 * Level 3.2 Fighting
 + Level 10.2 Polearms
 - Level 1.3 Armour
 - Level 2.6 Dodging


You had 5 spell levels left.
You didn't know any spells.

Dungeon Overview and Level Annotations

Branches:
Dungeon (5/15)             Temple (0/1) D:4

Altars:
Qazlal
Vehumet
The Shining One


Message History

You feel sick. The scorpion stings you!
* * * LOW HITPOINT WARNING * * *
Your skin crawls.
You feel resistant to hostile enchantments.
You feel slightly more hungry.
You can no longer call in reinforcements.
You feel sick. The scorpion stings you.
* * * LOW HITPOINT WARNING * * *
You barely miss the scorpion.
The scorpion is heavily wounded.
You feel sick. The scorpion stings you.
* * * LOW HITPOINT WARNING * * *
You are lethally poisoned!
The scorpion poisons you!
A red film seems to cover your vision as you go berserk!
You feel yourself moving faster!
You feel mighty!
You feel somewhat more hungry.
* * * LOW HITPOINT WARNING * * *
You feel sick. The scorpion stings you!
You die...

##.....##
.........##
..........#
..........#
......(...#
..........###
............#
?.....s.<.#
.......@.##
.##......#
######...
#..!.#
.......
#.#...#.
#.##.... ..
....


You could see a scorpion.

Vanquished Creatures
  A phantom (D:4)
  A hound (D:3)
  2 orc wizards (D:4)
  A hound skeleton (D:4)
  3 gnolls (D:3)
  5 adders
  4 worms
  3 giant geckos
  11 orcs
  3 ball pythons
  10 bats
  5 giant cockroaches
  7 goblins
  8 hobgoblins
  4 kobolds
  3 quokkas
  4 giant newts
  28 rats
103 creatures vanquished.

Vanquished Creatures (collateral kills)
  An orc wizard (D:4)
  An iguana (D:4)
  2 adders (D:4)
  An orc (D:4)
  A ball python (D:4)
6 creatures vanquished.

Vanquished Creatures (others)
  The ghost of PossumBlood the Archer, an amateur HEHu of Okawaru (D:4)
  An ooze (D:4)
  A giant gecko (D:4)
  A rat (D:3)
4 creatures vanquished.

Grand Total: 113 creatures vanquished

Notes
Turn   | Place    | Note
--------------------------------------------------------------
     0 | D:1      | Grim the Merfolk Berserker began the quest for the Orb.
     0 | D:1      | Reached XP level 1. HP: 18/18 MP: 1/1
   144 | D:1      | Reached skill level 5 in Polearms
   194 | D:1      | Reached XP level 2. HP: 24/24 MP: 2/2
  1061 | D:2      | Reached XP level 3. HP: 29/29 MP: 3/3
  1066 | D:2      | Reached skill level 6 in Polearms
  1177 | D:2      | Reached ** piety under Trog
  1728 | D:2      | Reached skill level 7 in Polearms
  1728 | D:2      | Reached XP level 4. HP: 35/35 MP: 4/4
  2131 | D:3      | Found a stormy altar of Qazlal.
  2243 | D:3      | Found a radiant altar of Vehumet.
  2311 | D:3      | Reached skill level 8 in Polearms
  2311 | D:3      | Reached XP level 5. HP: 26/41 MP: 5/5
  2524 | D:3      | Reached *** piety under Trog
  3091 | D:4      | Reached skill level 9 in Polearms
  3171 | D:4      | Killed PossumBlood's ghost
  3388 | D:4      | Reached **** piety under Trog
  3482 | D:4      | Reached XP level 6. HP: 47/47 MP: 6/6
  3651 | D:4      | Reached skill level 10 in Polearms
  3848 | D:4      | Found a glowing golden altar of the Shining One.
  4046 | D:4      | Found a staircase to the Ecumenical Temple.
  4176 | D:5      | Entered Level 5 of the Dungeon
  4208 | D:5      | HP: 2/47 [scorpion (6)]
  4209 | D:5      | Slain by a scorpion

Action                   |  1- 3 |  4- 6 || total
-------------------------+-------+-------++-------
Melee: Spear             |   156 |   290 ||   446
Invok: Berserk           |     1 |     5 ||     6
       Trog's Hand       |       |     3 ||     3
       Brothers in Arms  |       |     1 ||     1
 Stab: Sleeping          |     4 |     2 ||     6
       Distracted        |       |     1 ||     1
  Eat: Chunk             |     4 |    11 ||    15
       Bread ration      |       |     1 ||     1
